Map: Tokamak LE

Players

Maru

  • Race: Terran Terran
  • Spawn Location: 1:00

Reynor - Winner!

  • Race: Zerg Zerg
  • Spawn Location: 7:00

Event: Esports World Cup 2025

VOD

Have the link to the VOD?

Description

Time

  • Played on: July 23, 2025, 10:23 a.m.
  • Length: 24:54

All games in this series

Show
View Real Time Build Order
Export as new Build Order

Maru Terran 

Build Orders: 2 Factory, Hellion Opening, Reaper Expand, Mech 

Get SALT Encoding   

  12  0:00  SCV  
  13  0:12  SCV  
  14  0:17  Supply Depot  
  14  0:24  SCV  
  15  0:39  SCV  
  15  0:41  Barracks  
  16  0:44  Refinery  
  16  0:51  SCV  
  17  1:03  SCV  
  18  1:15  SCV  
  19  1:28  Orbital Command, Reaper  
  20  1:37  Command Center  
  20  1:48  Supply Depot  
  20  1:54  SCV  
  20  2:00  Marine  
  22  2:06  SCV  
  23  2:10  Factory  
  23  2:18  SCV  
  24  2:30  Barracks Reactor  
  24  2:31  SCV  
  25  2:42  Command Center  
  25  2:43  SCV  
  26  2:49  Orbital Command  
  26  2:55  SCV  
  27  2:58  Factory  
  27  3:05  Refinery  
  27  3:07  SCV  
  28  3:14  Hellion x2  
  28  3:15  SCV  
  28  3:19  SCV  
  34  3:20  Barracks Tech Lab  
  34  3:27  SCV  
  34  3:31  SCV  
  36  3:36  Hellion x2  
  36  3:39  SCV  
  41  3:43  SCV  
  41  3:48  Cyclone  
  45  3:52  SCV  
  45  3:54  Orbital Command  
  47  3:55  SCV  
  47  3:57  Hellion x2  
  47  4:00  Marine  
  52  4:03  Mag-Field Accelerator  
  52  4:04  SCV  
  52  4:07  SCV  
  54  4:10  Supply Depot  
  54  4:14  Refinery  
  54  4:16  SCV  
  55  4:18  Orbital Command  
  55  4:19  SCV  
  55  4:20  Cyclone, Hellion  
  61  4:29  Supply Depot  
  61  4:32  SCV x2  
  61  4:34  Factory  
  63  4:44  SCV x3  
  63  4:45  Refinery, Hellion  
  68  4:50  Barracks Tech Lab  
  68  4:56  Supply Depot, SCV x2  
  68  4:59  Cyclone  
  74  5:00  SCV  
  74  5:08  SCV x2  
  74  5:11  Supply Depot  
  76  5:16  SCV  
  76  5:18  Hellion x2, Supply Depot x2  
  76  5:20  SCV  
  80  5:25  SCV  
  80  5:28  Factory, SCV  
  82  5:31  Cyclone  
  82  5:32  SCV  
  82  5:35  Cyclone  
  85  5:37  SCV  
  85  5:41  SCV  
  85  5:42  Factory  
  85  5:44  SCV  
  85  5:46  Hellion  
  85  5:47  Hellion  
  90  5:50  SCV  
  91  5:58  SCV  
  91  6:03  Cyclone  
  92  6:04  SCV  
  92  6:07  Hellion  
  92  6:08  SCV, Armory x2  
  92  6:10  SCV  
  93  6:16  Factory Tech Lab, SCV  
  93  6:18  Refinery x2  
  94  6:20  Supply Depot, SCV  
  94  6:22  SCV  
  96  6:28  Siege Tank, SCV  
  96  6:29  Factory Reactor  
  100  6:32  SCV  
  100  6:35  SCV  
  100  6:39  Siege Tank  
  102  6:41  SCV  
  102  6:44  Siege Tank  
  102  6:46  SCV  
  107  6:50  SCV  
  108  6:55  Command Center  
  108  6:58  Engineering Bay  
  108  6:59  Terran Vehicle Weapons Level 1  
  108  7:00  Terran Vehicle And Ship Armor Level 1, Siege Tank  
  111  7:05  Supply Depot  
  111  7:07  Hellion x2  
  115  7:08  SCV x2  
  117  7:17  SCV  
  117  7:20  Command Center  
  117  7:21  SCV  
  119  7:24  Siege Tank  
  119  7:28  Missile Turret  
  119  7:29  SCV x2  
  124  7:34  Missile Turret  
  124  7:38  Siege Tank  
  124  7:39  Siege Tank  
  124  7:41  SCV x3  
  124  7:43  Infernal Pre-Igniter  
  133  7:44  Smart Servos  
  133  7:53  Supply Depot x2  
  133  8:06  SCV x3  
  133  8:07  Ghost Academy  
  133  8:08  Barracks x2  
  133  8:10  Sensor Tower  
  133  8:12  Supply Depot  
  134  8:15  Siege Tank  
  134  8:19  SCV x3  
  140  8:21  Hellion, Factory  
  140  8:22  Factory  
  142  8:31  SCV x3  
  145  8:35  Refinery  
  145  8:37  Refinery  
  145  8:39  Sensor Tower  
  145  8:40  Personal Cloaking  
  145  8:43  Starport, Barracks Tech Lab  
  145  8:47  Planetary Fortress  
  143  8:51  Hellion x4  
  143  8:52  Siege Tank x2  
  143  8:55  SCV  
  150  8:56  Terran Infantry Armor Level 1  
  150  8:58  Barracks Tech Lab  
  150  8:59  Barracks Tech Lab  
  150  9:05  Hellion x3  
  156  9:12  Hellion, Terran Vehicle And Ship Armor Level 2, Terran Vehicle Weapons Level 2  
  156  9:13  Hellion x2  
  162  9:18  Planetary Fortress  
  162  9:26  Hellion  
  162  9:27  Starport Reactor  
  166  9:33  Refinery  
  166  9:34  Factory Tech Lab  
  166  9:35  Factory Reactor  
  166  9:37  Refinery  
  164  9:38  Command Center  
  164  9:39  Command Center  
  164  9:42  Ghost x2  
  164  9:43  Ghost  
  173  9:52  Engineering Bay  
  165  10:10  Ghost x2  
  165  10:11  Ghost  
  172  10:16  Command Center  
  172  10:18  Sensor Tower  
  172  10:21  Command Center  
  166  10:22  Missile Turret  
  166  10:24  Thor  
  166  10:28  Nuke, Medivac x2  
  171  10:33  Siege Tank  
  174  10:39  Ghost  
  174  10:40  Siege Tank x2  
  183  10:49  Ghost  
  176  10:51  Orbital Command  
  176  10:55  Hellbat x2  
  164  10:58  Medivac x2  
  164  11:03  Hellbat x3  
  153  11:09  SCV x2  
  153  11:10  Orbital Command x2, Engineering Bay  
  155  11:16  Terran Infantry Armor Level 2  
  155  11:24  SCV x3  
  160  11:26  Hellbat x2  
  160  11:27  Medivac  
  160  11:28  Medivac  
  160  11:30  Sensor Tower  
  166  11:36  Terran Vehicle Weapons Level 3, SCV x2, Terran Infantry Weapons Level 1  
  166  11:39  Terran Vehicle And Ship Armor Level 3  
  168  11:42  Orbital Command  
  168  11:46  Orbital Command  
  165  11:48  Orbital Command  
  165  11:49  Siege Tank x2  
  165  11:52  SCV  
  165  11:53  SCV x2  
  168  11:56  Hellbat  
  151  12:05  SCV x3  
  154  12:11  Missile Turret  
  154  12:12  Siege Tank x2  
  154  12:14  SCV x3  
  163  12:17  SCV x2  
  163  12:18  Planetary Fortress  
  165  12:25  Ghost  
  165  12:26  Ghost, Sensor Tower  
  165  12:28  Missile Turret  
  171  12:33  Hellbat x3  
  172  12:37  SCV x2  
  172  12:44  SCV  
  167  12:47  SCV x3  
  167  12:49  SCV  
  177  13:02  Hellbat x2  
  177  13:03  Ghost  
  186  13:09  Thor x3  
  186  13:10  Missile Turret  
  186  13:11  Hellbat  
  186  13:12  SCV x3  
  198  13:18  Refinery  
  198  13:24  Command Center  
  198  13:30  Sensor Tower  
  198  13:31  Fusion Core  
  198  13:39  Orbital Command  
  198  13:42  Orbital Command  
  198  13:44  Hellbat  
  198  13:47  Hellbat  
  198  13:48  Hellbat x2  
  199  13:53  Terran Infantry Weapons Level 2  
  199  13:54  Terran Infantry Armor Level 3  
  172  13:56  Orbital Command  
  172  13:58  Supply Depot  
  172  14:01  Supply Depot x2  
  170  14:06  SCV x4  
  170  14:08  Liberator, Siege Tank x2  
  183  14:15  Hellbat  
  185  14:20  Siege Tank, SCV x5  
  185  14:22  Liberator  
  196  14:28  Siege Tank  
  193  14:36  Sensor Tower  
  193  14:37  SCV x5  
  198  14:46  Hellbat  
  198  14:48  Factory  
  197  15:03  Hellbat  
  197  15:04  Hellbat  
  172  15:07  Siege Tank x2  
  172  15:08  Hellbat x2  
  172  15:09  Siege Tank x2  
  172  15:10  Hellbat  
  171  15:21  Hellbat  
  171  15:29  Hellbat x2  
  171  15:30  Ghost  
  178  15:39  Hellbat x2, Siege Tank x2  
  178  15:40  Hellbat  
  178  15:41  Factory Tech Lab  
  190  15:46  Hellbat  
  185  16:05  SCV x6  
  185  16:09  Liberator x2  
  185  16:10  Advanced Ballistics  
  191  16:15  Siege Tank  
  191  16:16  Siege Tank  
  191  16:17  SCV x3  
  197  16:22  Neosteel Armor  
  197  16:31  Terran Infantry Weapons Level 3  
  193  16:34  Siege Tank x2  
  193  16:35  Hellbat  
  193  16:39  Siege Tank  
  182  16:43  Hellbat x2  
  182  16:45  SCV x2  
  176  16:47  SCV  
  176  16:48  Siege Tank  
  179  16:57  Hellbat x3  
  179  16:58  Siege Tank  
  188  17:06  Siege Tank x2  
  194  17:09  Liberator  
  196  17:25  Siege Tank  
  200  17:30  SCV  
  200  17:32  Factory  
  200  17:42  Sensor Tower  
  200  17:48  SCV x2  
  191  17:57  Planetary Fortress  
  188  17:59  Hellbat x2, Siege Tank x2  
  181  18:06  Siege Tank x2  
  181  18:07  Hellbat  
  181  18:10  Medivac x2  
  181  18:12  Hellbat  
  189  18:22  Hellbat  
  189  18:24  Orbital Command x2  
  184  18:31  SCV, Siege Tank x2  
  182  18:38  Hellbat, Siege Tank  
  182  18:39  Siege Tank  
  180  18:42  SCV  
  182  18:52  Orbital Command  
  181  18:56  SCV x4  
  185  19:08  SCV  
  186  19:10  Hellbat, SCV  
  186  19:14  SCV  
  186  19:18  Hellbat  
  186  19:22  Supply Depot  
  186  19:23  Hellbat  
  186  19:24  Hellbat  
  184  19:25  SCV x2  
  184  19:26  SCV  
  181  19:33  Siege Tank  
  171  19:42  Supply Depot  
  171  19:43  Supply Depot  
  171  19:44  Hellbat  
  172  19:45  Sensor Tower  
  172  19:52  Orbital Command  
  172  19:55  Hellbat x2  
  170  20:00  Hellbat  
  170  20:03  Hellbat x3  
  170  20:04  Supply Depot  
  171  20:07  Supply Depot  
  176  20:21  Hellbat x3  
  176  20:22  SCV x4  
  177  20:33  SCV  
  177  20:34  SCV x4  
  182  20:38  Hellbat  
  182  20:41  Refinery  
  182  20:42  Refinery, Hellbat  
  185  20:53  Hellbat x2  
  186  21:05  Hellbat x2  
  176  21:36  Viking x2  
  165  21:43  SCV x3  
  165  21:51  Orbital Command  
  162  21:55  SCV x2  
  164  22:06  Viking x2  
  168  22:09  SCV x2  
  168  22:10  SCV  
  171  22:21  SCV  
  171  22:22  SCV  
  166  22:33  Hellbat x4  
  166  22:34  Hellion x9  
  163  23:17  Hellbat x2  
  163  23:19  Hellbat  
  155  23:20  Orbital Command  
  155  23:21  Orbital Command, Hellbat  
  155  23:23  Viking, Hellbat  
  155  23:24  Viking  
  155  23:26  Hellbat  
  156  23:27  Orbital Command  
  156  23:30  Hellbat  
  156  23:41  Orbital Command  
  156  23:58  Viking  
  156  23:59  SCV x2  
Show
View Real Time Build Order
Export as new Build Order

Reynor Zerg - Winner!

Build Orders: Hatch First 

Get SALT Encoding   

  12  0:00  Drone  
  13  0:07  Drone  
  13  0:13  Extractor  
  13  0:14  Drone  
  13  0:21  Overlord  
  15  0:40  Drone  
  16  0:45  Hatchery  
  16  0:48  Drone  
  16  0:52  Drone  
  16  0:56  Drone  
  18  1:06  Extractor  
  17  1:11  Spawning Pool  
  17  1:15  Drone  
  17  1:17  Drone  
  18  1:26  Drone  
  19  1:37  Drone  
  20  1:48  Drone  
  21  1:58  Queen x2  
  21  2:00  Overlord  
  25  2:06  Drone  
  25  2:08  Zergling x2  
  27  2:10  Zergling x2  
  28  2:19  Drone  
  28  2:20  Drone  
  30  2:27  Hatchery  
  30  2:30  Drone  
  30  2:31  Drone  
  30  2:39  Queen  
  30  2:42  Drone  
  33  2:47  Overlord  
  33  2:51  Drone  
  34  2:52  Drone  
  35  3:04  Queen  
  37  3:08  Drone x5  
  37  3:12  Overlord  
  42  3:16  Drone  
  43  3:25  Drone, Roach Warren  
  43  3:28  Overlord  
  43  3:30  Queen  
  43  3:33  Drone  
  46  3:38  Drone  
  46  3:40  Queen  
  49  3:43  Drone  
  49  3:47  Drone  
  49  3:48  Drone x2  
  53  3:50  Drone  
  53  3:52  Overlord  
  54  3:57  Drone x2  
  56  4:03  Evolution Chamber  
  56  4:05  Overlord  
  56  4:08  Roach x2  
  59  4:11  Lair  
  59  4:13  Roach  
  59  4:14  Extractor  
  59  4:16  Drone  
  61  4:18  Overlord  
  61  4:19  Drone  
  61  4:21  Drone  
  61  4:23  Drone  
  65  4:24  Drone  
  65  4:25  Roach  
  67  4:33  Overlord  
  67  4:34  Drone x2  
  69  4:42  Drone x2  
  69  4:44  Roach  
  73  4:48  Drone x3  
  76  4:53  Drone x2, Hatchery  
  76  4:54  Extractor  
  76  4:56  Roach x2  
  76  4:58  Overlord  
  76  4:59  Drone  
  81  5:04  Drone  
  81  5:06  Drone x3  
  85  5:08  Glial Reconstitution  
  85  5:11  Overlord  
  85  5:15  Roach  
  85  5:16  Overlord  
  85  5:17  Drone  
  85  5:20  Drone, Hatchery  
  89  5:25  Burrow  
  89  5:26  Drone x3  
  92  5:28  Extractor  
  92  5:29  Roach  
  92  5:30  Roach  
  92  5:34  Overlord  
  95  5:36  Overlord  
  95  5:37  Roach  
  95  5:40  Roach x2  
  95  5:42  Overlord  
  101  5:44  Drone x2  
  103  5:52  Drone, Roach  
  103  5:55  Zerg Missile Weapons Level 1  
  106  5:57  Drone x4  
  106  5:59  Overlord  
  110  6:05  Drone x3  
  110  6:06  Roach x2  
  115  6:12  Extractor x2, Roach  
  115  6:16  Roach  
  115  6:17  Overlord  
  119  6:18  Roach x3  
  119  6:23  Queen  
  119  6:25  Drone x2, Overlord  
  127  6:27  Roach x2  
  127  6:28  Overlord  
  127  6:29  Overlord  
  127  6:32  Roach x14  
  127  6:34  Infestation Pit  
  127  6:35  Overlord  
  127  6:37  Roach  
  122  6:41  Drone x6  
  122  6:43  Tunneling Claws  
  122  6:46  Roach x4  
  132  6:47  Overlord  
  132  6:52  Drone x2  
  132  6:56  Roach x5  
  132  7:00  Drone  
  143  7:01  Drone  
  143  7:02  Drone x2  
  143  7:04  Baneling Nest  
  143  7:05  Evolution Chamber  
  143  7:07  Drone x2, Metabolic Boost  
  146  7:10  Overlord  
  146  7:13  Drone  
  147  7:20  Overlord  
  147  7:22  Drone x2  
  149  7:23  Overlord  
  149  7:25  Roach x13  
  149  7:26  Hive  
  149  7:27  Roach x2  
  149  7:28  Overlord  
  153  7:32  Roach x3  
  153  7:33  Drone x4  
  153  7:35  Zerg Melee Weapons Level 1  
  153  7:37  Overlord  
  163  7:42  Extractor  
  163  7:43  Overlord, Extractor  
  161  7:46  Drone x3  
  161  7:47  Overlord  
  164  7:51  Hatchery  
  164  7:55  Overlord  
  163  8:02  Centrifugal Hooks, Zerg Missile Weapons Level 2  
  163  8:03  Zergling x4  
  163  8:04  Zergling x22  
  176  8:12  Overlord  
  176  8:13  Zergling x4  
  176  8:14  Zergling x4  
  176  8:17  Drone x2  
  182  8:28  Ravager  
  182  8:29  Ravager x3  
  182  8:31  Hatchery  
  185  8:35  Hatchery, Ravager x2  
  185  8:39  Adrenal Glands, Viper x2  
  192  8:41  Zergling x14  
  192  8:45  Spine Crawler  
  192  8:46  Spine Crawler x2  
  194  8:49  Drone x5  
  194  8:50  Drone  
  199  9:36  Zerg Melee Weapons Level 2  
  199  9:39  Spire  
  199  9:40  Drone  
  199  9:43  Spine Crawler  
  199  9:44  Spine Crawler  
  197  9:46  Spine Crawler  
  196  9:55  Hatchery  
  196  9:59  Roach x12  
  195  10:00  Drone  
  195  10:01  Drone x3  
  195  10:02  Drone  
  195  10:03  Drone  
  195  10:04  Drone x2  
  195  10:05  Drone  
  195  10:06  Drone  
  200  10:30  Baneling x12  
  200  10:33  Hatchery  
  199  10:49  Zergling x12  
  182  10:57  Zergling x36  
  182  11:00  Zergling x8  
  182  11:03  Viper  
  182  11:04  Viper  
  192  11:06  Zergling x4  
  199  11:19  Baneling  
  199  11:20  Baneling x14  
  199  11:24  Roach x10  
  199  11:25  Extractor  
  199  11:27  Zergling x6, Extractor  
  199  11:31  Greater Spire  
  200  11:47  Zergling x20  
  184  11:56  Zergling x34  
  184  11:57  Zergling x8  
  190  12:01  Zergling x18  
  190  12:02  Zergling x2  
  190  12:09  Zergling x20  
  190  12:13  Zerg Melee Weapons Level 3, Zerg Missile Weapons Level 3  
  199  12:22  Baneling x17  
  199  12:23  Baneling x2  
  199  12:35  Zergling x16  
  196  12:38  Zergling x20  
  196  12:43  Zergling x4  
  193  12:58  Zergling x12  
  193  13:02  Viper  
  193  13:03  Zergling x8, Roach  
  199  13:26  Baneling x12  
  177  13:50  Zergling x42  
  177  13:52  Zergling x34  
  177  14:01  Zergling x10, Roach x2  
  176  14:04  Zergling x6  
  176  14:05  Zergling x6  
  176  14:09  Zergling x10  
  187  14:14  Zergling x4, Roach x2  
  187  14:15  Ravager x3  
  187  14:16  Baneling x19  
  196  14:17  Zergling x8  
  198  14:33  Zergling x6  
  199  14:38  Baneling x4  
  199  14:39  Baneling x3  
  190  15:02  Zergling x32  
  190  15:06  Zergling x28, Roach  
  177  15:09  Zergling x12, Roach  
  177  15:11  Zergling x2  
  169  15:16  Zergling x8  
  169  15:17  Zergling x2  
  171  15:22  Zergling x6  
  171  15:23  Viper  
  171  15:26  Zergling x6  
  171  15:27  Ravager x4  
  186  15:30  Baneling x12  
  186  15:31  Zergling x2, Roach x2  
  186  15:34  Zergling x2, Roach x2  
  186  15:35  Zergling x6  
  199  15:38  Overseer  
  199  15:44  Overseer  
  188  16:06  Zergling x2  
  188  16:07  Zergling x38  
  194  16:11  Zergling x12  
  199  16:30  Zergling x8  
  199  16:31  Zergling x16  
  191  16:33  Zergling x20  
  191  16:34  Zergling x2  
  191  16:37  Zergling x16, Roach  
  191  16:39  Roach  
  180  16:43  Zergling x6, Roach x2  
  180  16:46  Zergling x2, Roach  
  172  16:52  Zergling x8  
  172  16:53  Zergling x8  
  181  16:54  Zergling x2, Roach  
  181  16:58  Zergling x6  
  181  16:59  Infestor  
  181  17:00  Baneling x16  
  183  17:05  Drone x3  
  186  17:09  Ravager x5  
  186  17:11  Zergling x18  
  200  17:22  Pneumatized Carapace  
  199  17:23  Overseer x2  
  198  17:39  Hatchery  
  188  17:44  Zergling x28  
  188  17:46  Zergling x2  
  188  17:47  Zergling x10  
  199  17:56  Zergling x18  
  195  18:02  Zergling x38  
  195  18:05  Roach  
  188  18:08  Zergling x8, Roach  
  188  18:10  Zergling x2  
  188  18:11  Zergling x2  
  187  18:14  Zergling x4  
  187  18:19  Zergling x6, Roach  
  191  18:23  Zergling x4  
  191  18:26  Overlord  
  183  18:28  Zergling x10, Roach x2  
  183  18:29  Zergling x4  
  183  18:30  Roach  
  183  18:33  Drone x11  
  185  18:36  Roach x2  
  184  18:42  Zergling x6  
  182  18:49  Hatchery  
  182  18:51  Zergling x12  
  182  18:54  Zergling x2  
  188  19:01  Zergling x2  
  188  19:02  Zergling x8  
  193  19:07  Zergling x2  
  193  19:08  Zergling x4  
  179  19:11  Zergling x2, Roach  
  179  19:12  Drone x10  
  179  19:15  Queen  
  171  19:18  Zergling x2, Roach x2  
  171  19:22  Zergling x2, Roach x3  
  165  19:28  Zergling x6, Roach x2  
  165  19:30  Hatchery  
  163  19:34  Roach x2  
  163  19:38  Hatchery, Roach x2  
  166  19:44  Zergling x6  
  166  19:45  Infestor  
  169  19:49  Zergling x6  
  167  19:53  Zergling x4  
  167  19:54  Infestor  
  157  20:00  Zergling x4  
  154  20:12  Corruptor x5  
  159  20:17  Corruptor x5  
  169  20:22  Zerg Ground Armor Level 1  
  163  20:37  Roach x2  
  163  20:38  Roach  
  161  20:53  Brood Lord x8  
  161  20:54  Infestor x2, Brood Lord x2  
  161  20:55  Infestor x3  
  191  21:00  Zergling x24  
  200  21:14  Roach x2  
  198  21:39  Drone x22  
  195  21:40  Zergling x10  
  200  21:55  Hatchery  
  193  22:20  Drone  
  193  22:21  Drone x3  
  197  22:27  Zergling x4  
  197  22:28  Zergling x2  
  199  22:31  Hatchery  
  199  22:36  Zerg Flyer Weapons Level 1  
  196  22:56  Corruptor x2  
  196  23:04  Zergling x12  
  196  23:05  Zergling x16, Spore Crawler  
  199  23:06  Spore Crawler x3  
  199  23:12  Zergling x14  
  193  23:15  Corruptor x2  
  193  23:18  Zergling x4  
  186  23:25  Roach  
  188  23:27  Zergling x4, Roach  
  188  23:28  Baneling x3  
  188  23:29  Zergling x2, Baneling x7  
  189  23:38  Corruptor x3  
  186  23:43  Zergling x2  
  186  23:45  Zergling x2  
  185  23:49  Infestor x6  
  185  23:50  Brood Lord x4  
  185  23:52  Corruptor x3  
  199  24:03  Baneling x20, Spore Crawler x2  
  199  24:05  Spore Crawler  
  195  24:17  Zergling x2  
  195  24:18  Zergling x6, Overseer  
  195  24:19  Overseer  
Tags
 
Add a new tag
Caveats
  • Supply blocks, unpowered buildings, or Contaminate may cause inaccurate times.
  • Supply counts are checked every 10 seconds.